 Dungeon Crawl Stone Soup version 0.23-a0-481-g60b89c1 (webtiles) character file.

128 mopl the Chopper (level 4, 0/35 HPs)
             Began as a Demonspawn Fighter on Nov 29, 2018.
             Succumbed to an adder's poison
             ... on level 3 of the Dungeon.
             The game lasted 00:02:37 (2150 turns).

mopl the Chopper (Demonspawn Fighter)               Turns: 2150, Time: 00:02:38

Health: 0/35       AC:  6    Str: 17    XL:     4   Next: 87%
Magic:  4/4        EV:  6    Int: 10    God:
Gold:   143        SH:  7    Dex: 12    Spells: 3/3 levels left

rFire    . . .     SeeInvis .   a - +0 war axe
rCold    . . .     Gourm    .   c - +0 shield
rNeg     . . .     Faith    .   r - +0 scale mail
rPois    .         Spirit   .   (no helmet)
rElec    .         Reflect  .   (no cloak)
rCorr    .         Harm     .   (no gloves)
MR       .....                  (no boots)
Stlth    ..........             (no amulet)
HPRegen  0.11/turn              (no ring)
MPRegen  0.09/turn              (no ring)

@: lethally poisoned (0 -> -4), hasted, heavily drained, very quick
A: claws 1, rot immunity
a: no special abilities


You were on level 3 of the Dungeon.
You were not hungry.

You visited 1 branch of the dungeon, and saw 3 of its levels.

You collected 143 gold pieces.

Inventory:

Hand Weapons
 a - a +0 war axe (weapon)
 b - a +0 blowgun
Missiles
 h - a throwing net (quivered)
 l - 28 poisoned needles
 u - 4 tomahawks
Armour
 c - a +0 shield (worn)
 r - a +0 scale mail (worn)
Scrolls
 k - 2 scrolls of identify {unknown}
 n - a scroll of random uselessness {unknown}
 q - 2 scrolls of teleportation {unknown}
 t - 3 scrolls of remove curse {unknown}
Potions
 d - a potion of might
 g - a potion of degeneration {unknown}
 j - a potion of lignification {unknown}
 m - a potion of heal wounds {unknown}
 o - a potion of berserk rage {unknown}
 p - a potion of mutation {unknown}
Comestibles
 f - 5 rations


   Skills:
 - Level 3.0(1.4) Fighting
 + Level 4.7(3.1) Axes
 - Level 2.6(1.1) Armour
 - Level 2.6(1.1) Shields


You had 3 spell levels left.
You didn't know any spells.
Your spell library was empty.

Dungeon Overview and Level Annotations

Branches:
Dungeon (3/15)

Altars:
Cheibriados


Innate Abilities, Weirdness & Mutations

You have sharp fingernails.
You are immune to rotting.


Message History

You feel sick. You block the adder's attack.
The orc hits you but does no damage. The adder bites you but does no damage.
The orc hits you but does no damage.
You closely miss the adder.
The adder is almost dead.
You hit the orc.
* * * LOW HITPOINT WARNING * * *
You feel sick. The adder bites you.
* * * LOW HITPOINT WARNING * * *
An orc comes into view. It is wielding a +0 flail.
The orc hits you but does no damage. The adder closely misses you.
You miss the adder.
The adder is almost dead.
You barely miss the orc. The adder completely misses you.
The orc completely misses you.
An orc comes into view. It is wielding a +0 mace.
The adder bites you but does no damage. The orc completely misses you.
Unknown command.
It was a potion of haste.
You feel yourself speed up.
You die...

#.# #. #.#
#.# #.# #o#
###.###..##
#.....#..o
#........#
#..(So#
#.<†@.#
#....$#
#.....#
#.....#
#.....#
#.....#
#.....#
#######


You could see an adder and 3 orcs.

Vanquished Creatures
  Jessica (D:2)
  4 gnolls
  3 adders
  A dart slug (D:1)
  2 leopard geckos
  2 orcs (D:3)
  A ball python (D:1)
  4 bats
  A giant cockroach (D:2)
  2 goblins
  2 hobgoblins (D:2)
  5 jackals
  A frilled lizard (D:3)
  3 kobolds
  3 rats
35 creatures vanquished.

Notes
Turn   | Place    | Note
-------+----------+-------------------------------------------
     0 | D:1      | mopl the Demonspawn Fighter began the quest for the Orb.
     0 | D:1      | Reached XP level 1. HP: 18/18 MP: 1/1
    79 | D:1      | Reached skill level 2 in Axes
   290 | D:1      | Gained mutation: You have sharp fingernails. [demonic
                  | ancestry]
   290 | D:1      | Reached XP level 2. HP: 22/24 MP: 2/2
   815 | D:2      | Noticed Jessica
   826 | D:2      | Reached skill level 3 in Axes
   829 | D:2      | Killed Jessica
   829 | D:2      | Reached XP level 3. HP: 12/29 MP: 3/3
  1147 | D:2      | Gained mutation: You are immune to rotting. [demonic
                  | ancestry]
  1147 | D:2      | Reached XP level 4. HP: 5/35 MP: 4/4
  1149 | D:2      | Reached skill level 4 in Axes
  1935 | D:2      | Found a snail-covered altar of Cheibriados.
  2148 | D:3      | HP: 1/35 [adder (3)]
  2150 | D:3      | Succumbed to an adder's poison

Vault maps used:
D:1:      nzn_arrival_depleted_hourglass, grunt_decor_arrowhead
D:2:      cheibriados_altar_1, chequers_serial_rivers_room_a, uniq_jessica
D:3:      portal_sewer_entry_b, minmay_circle_x

Skill      XL: |  1  2  3  4 |
---------------+-------------+-----
Axes           | 2 3 4 |  4.7
Fighting       | |  3.0
Armour         | |  2.6
Shields        | |  2.6

Action                   |  1- 3 |  4- 6 || total
-------------------------+-------+-------++-------
Melee: War axe           |    75 |    62 ||   137
  Use: Potion            |     1 |     4 ||     5
  Eat: Chunk             |     1 |     3 ||     4
Armor: Scale mail        |    71 |    68 ||   139
Dodge: Dodged            |    35 |    40 ||    75
Block: Shield            |    54 |    40 ||    94

Table legend:
 A = Non-vault XP
 B = Vault XP
 C = Vault XP percentage of total XP
 D = Non-vault monster count
 E = Vault monster count
 F = Vault count percentage of total count
                 A         B        C        D         E       F
            +---------+---------+-------+---------+---------+-------
      Total |     141 |      43 |  23.4 |      32 |       3 |   8.6
            +---------+---------+-------+---------+---------+-------
        D:1 |      38 |       0 |   0.0 |      12 |       0 |   0.0
        D:2 |      83 |      37 |  30.8 |      14 |       1 |   6.7
        D:3 |      20 |       6 |  23.1 |       6 |       2 |  25.0
            +---------+---------+-------+---------+---------+-------
